 Dungeon Crawl Stone Soup version 0.17-a0-2122-g03d97ec (webtiles) character file.

163 Hedron the Caller (level 5, 35/35 HPs)
             Began as a Mummy Summoner on Oct 21, 2015.
             Quit the game on level 2 of the Dungeon.
             The game lasted 00:10:26 (3829 turns).

Hedron the Caller (Mummy Summoner)                  Turns: 3829, Time: 00:10:26

Health: 35/35      AC:  2    Str: 11    XL:     5   Next: 20%
Magic:  10/10      EV: 12    Int: 16    God:
Gold:   153        SH:  0    Dex: 12    Spells: 4 memorised, 2 levels left

rFire  x . .     SeeInvis .     c - +0 spear
rCold  + . .     Clarity  .     a - +0 robe
rNeg   + + +     SustAt   .     (no shield)
rPois  ∞         Gourm    .     (no helmet)
rElec  .         Spirit   .     (no cloak)
rCorr  .         Warding  .     (no gloves)
rMut   .         Stasis   .     (no boots)
MR     .....                    (no amulet)
Stlth  ++........               (no ring)
                                (no ring)

@: not resistant to hostile enchantments, unstealthy
A: no food or potions, fire vulnerability, cold resistance 1, negative energy
resistance 3, torment resistance, unbreathing
a: no special abilities


You were on level 2 of the Dungeon.
You were not hungry.

You visited 1 branch of the dungeon, and saw 2 of its levels.

You collected 153 gold pieces.

Inventory:

Hand Weapons
 c - a +0 spear (weapon)
Missiles
 g - 114 stones (quivered)
Armour
 a - a +0 robe (worn)
Scrolls
 d - 3 scrolls of enchant weapon {unknown}
 e - a scroll of enchant armour
 f - a scroll of remove curse {unknown}
 h - 2 scrolls of fog
 i - a scroll of noise
Books
 b - a book of Callings

   Spells                             Type                      Level
   a - Summon Small Mammal            Summoning                    1
   b - Call Imp                       Summoning                    2
   c - Call Canine Familiar           Summoning                    3
   d - Summon Guardian Golem          Hexes/Summoning              3
   e - Summon Lightning Spire         Summoning/Air                4
   f - Summon Ice Beast               Ice/Summoning                4
 j - a book of Spatial Translocations

   Spells                             Type                      Level
   a - Apportation                    Translocation                1
   b - Blink                          Translocation                2
   c - Shroud of Golubria             Charms/Translocation         2
   d - Portal Projectile              Translocation                3
   e - Teleport Other                 Translocation                3
   f - Passage of Golubria            Translocation                4


   Skills:
 - Level 1.5 Dodging
 - Level 1.5 Stealth
 * Level 3.7 Spellcasting
 + Level 0.3 Hexes
 * Level 4.4 Summonings


You had 2 spell levels left.
You knew the following spells:

 Your Spells              Type           Power        Failure   Level  Hunger
a - Summon Small Mammal   Summ           ###.         3%          1    N/A
b - Call Imp              Summ           ###.....     6%          2    N/A
c - Call Canine Familiar  Summ           ###.....     12%         3    N/A
d - Summon Guardian Gole  Hex/Summ       ##......     21%         3    N/A

Dungeon Overview and Level Annotations

Branches:
Dungeon (2/15)

Altars:
Cheibriados
Okawaru


Innate Abilities, Weirdness & Mutations

You do not eat or drink.
Your flesh is vulnerable to fire.
You are immune to poison.
Your flesh is cold resistant.
You are immune to negative energy.
You are immune to unholy pain and torment.
You can survive without breathing.


Message History

The bat is heavily wounded.
The bat hits you but does no damage.
Attack whom?
Press: ? - help, Dir - move target cursor, f/p - bat
Aim: a bat (heavily wounded)
You reach to attack!
You hit the bat.
You kill the bat!
No target in view!
Found a stone staircase leading down.
g - 114 stones (gained 17)
There is a stone staircase leading down here.
A giant newt comes into view.
The giant newt moves out of view.
The giant newt bites you but does no damage.
You miss the giant newt. The giant newt closely misses you.
The giant newt barely misses you.
You hit the giant newt.
You kill the giant newt!
Done exploring.
Are you sure you want to abandon this character and quit the game? (Confirm with "yes".)

....##.....####.....#####.......#
....##.....................#.##.#
...###...######......####..#.##.#
<### ##.## #....[.##......##.# .#
#.# ######.##.#..####.# .# #.#
#.##.#..####.# .# #.###
#............# (######...#
#########.#.._.#### ##........#
#.@.......##...# ##.#####..#
#.############## .....###..#
##.## ......##..####.#.##
.#.###.#......###.# <..#
#.#.#####.#.## .#.###...# ##.##
.##...#### ### .####.#


There were no monsters in sight!

Vanquished Creatures
  An adder (D:2)
  2 giant geckos (D:2)
  A ball python (D:1)
  4 giant cockroaches
  8 goblins
  7 hobgoblins (D:1)
  5 kobolds (D:1)
  3 bats
  2 giant newts
  5 rats
38 creatures vanquished.

Vanquished Creatures (collateral kills)
  Sigmund (D:2)
  A jelly (D:2)
  2 adders (D:2)
  An ooze (D:1)
  A worm (D:2)
  3 goblins
  2 hobgoblins (D:1)
  A ball python (D:2)
  A bat (D:2)
  2 giant newts
  3 kobolds (D:1)
18 creatures vanquished.

Grand Total: 56 creatures vanquished

Notes
Turn   | Place    | Note
--------------------------------------------------------------
     0 | D:1      | Hedron the Mummy Summoner began the quest for the Orb.
     0 | D:1      | Reached XP level 1. HP: 13/13 MP: 3/3
   765 | D:1      | Reached XP level 2. HP: 19/19 MP: 3/5
  1072 | D:1      | Learned a level 2 spell: Call Imp
  1574 | D:1      | Found an iron altar of Okawaru.
  1586 | D:1      | Reached XP level 3. HP: 17/24 MP: 7/7
  2364 | D:2      | Learned a level 3 spell: Call Canine Familiar
  2451 | D:2      | Found a snail-covered altar of Cheibriados.
  3328 | D:2      | Noticed Sigmund
  3366 | D:2      | Killed Sigmund
  3366 | D:2      | Reached skill level 4 in Summonings
  3366 | D:2      | Reached XP level 4. HP: 28/30 MP: 1/9
  3366 | D:2      | Reached XP level 5. HP: 32/35 MP: 1/10
  3446 | D:2      | Learned a level 3 spell: Summon Guardian Golem
  3829 | D:2      | Quit the game

Vault maps used:
D:1:      dpeg_cavernosity, okawaru_ov_weapons_minmay
D:2:      cheibriados_altar_1, first_bread, uniq_sigmund

Action                   |  1- 3 |  4- 6 || total
-------------------------+-------+-------++-------
Melee: Spear             |   166 |     7 ||   173
 Cast: Summon Small Mamm |    17 |       ||    17
       Call Imp          |     9 |     2 ||    11
       Call Canine Famil |     5 |     2 ||     7
  Use: Scroll            |     3 |       ||     3
 Stab: Sleeping          |     3 |       ||     3
